 Dungeon Crawl Stone Soup version 0.29.1-15-g9cfb28693d (webtiles) character file.

Game seed: 6394384558233178860

22 ChiefBigBeans the Stinger (level 2, -3/21 HPs)
             Began as a Merfolk Venom Mage on Feb 23, 2023.
             Slain by a hobgoblin (4 damage)
             ... on level 1 of the Dungeon.
             The game lasted 00:02:17 (1079 turns).

ChiefBigBeans the Stinger (Merfolk Venom Mage)      Turns: 1079, Time: 00:02:20

Health: -3/21      AC:  3    Str:  8    XL:     2   Next: 91%
Magic:  5/5        EV: 10    Int: 14    God:
Gold:   69         SH:  0    Dex: 14    Spells: 4/5 levels left

rFire   . . .      SeeInvis .   e - +0 dagger
rCold   . . .      Faith    .   (no shield)
rNeg    . . .      Spirit   .   a - +0 robe
rPois   .          Reflect  .   (no helmet)
rElec   .          Harm     .   (no cloak)
rCorr   .          Rampage  .   (no gloves)
Will    .....                   d - +0 pair of boots
Stlth   ++........              (no amulet)
HPRegen 0.07/turn               (no ring)
MPRegen 0.09/turn               (no ring)

@: constricted
A: (nimble swimmer 2), mertail
a: no special abilities


You were on level 1 of the Dungeon.
You visited 1 branch of the dungeon, and saw 1 of its levels.

You collected 69 gold pieces.

Inventory:

Hand Weapons
 c - a +0 spear
 e - a +0 dagger (weapon)
Armour
 a - a +0 robe (worn)
 d - a +0 pair of boots (worn)
Potions
 b - a potion of magic
 f - a potion of brilliance {unknown}
 g - a potion of ambrosia {unknown}
 h - a potion of might {unknown}
 i - a potion of flight {unknown}
 j - a potion of lignification {unknown}


   Skills:
 + Level 1.0 Fighting
 + Level 3.1 Dodging
 + Level 2.6 Stealth
 + Level 2.2 Spellcasting
 - Level 1.3 Transmutations
 + Level 3.5 Poison Magic


You had 4 spell levels left.
You knew the following spells:

 Your Spells              Type           Power      Damage    Failure   Level
a - Sting                 Tmut/Pois      32%        1d4       9%          1

Your spell library contained the following spells:

 Spells                   Type           Power      Damage    Failure   Level
 Poisonous Vapours        Pois/Air       12%        N/A       17%         2
 Mephitic Cloud           Conj/Pois/Air  4%         N/A       41%         3
 Olgreb's Toxic Radiance  Pois           11%        N/A       47%         4


Dungeon Overview and Level Annotations

Branches:
Dungeon (1/15)

Altars:


Innate Abilities, Weirdness & Mutations

((You are very nimble when in or above water. (Stealth+, EV+, Speed+++)))
Your lower body shifts to a powerful aquatic tail in water.


Message History

The ball python bites you but does no damage.
The ball python grabs you. The ball python constricts you.
The kobold misses you.
You hit the kobold but do no damage.
The kobold is moderately wounded.
The ball python bites you but does no damage.
The ball python constricts you. The kobold hits you but does no damage.
The ball python barely misses you. The ball python constricts you.
You hit the kobold.
The kobold is heavily wounded.
The kobold barely misses you. The ball python bites you.
The ball python constricts you.
You hit the kobold but do no damage.
The kobold is moderately wounded.
The ball python misses you. The ball python constricts you.
The kobold misses you.
You hit the kobold.
You kill the kobold!
The ball python closely misses you. The ball python constricts you.
There are monsters nearby!
You barely miss the hobgoblin. The ball python misses you.
The ball python constricts you. The hobgoblin hits you.
You closely miss the hobgoblin. The ball python closely misses you.
The ball python constricts you.
The hobgoblin hits you but does no damage.
The ball python barely misses you. The ball python constricts you.
You hit the hobgoblin.
The hobgoblin is heavily wounded.
The ball python bites you. The ball python constricts you.
* * * LOW HITPOINT WARNING * * *
The hobgoblin hits you.
* * * LOW HITPOINT WARNING * * *
You hit the hobgoblin.
The hobgoblin is almost dead.
The ball python bites you.
* * * LOW HITPOINT WARNING * * *
The ball python constricts you.
* * * LOW HITPOINT WARNING * * *
The hobgoblin hits you.
You die...

#.....#.................
#..<..#.........###.####
#.....#.........# #.# #.
#######.......#.###.###.
####.....>...........#..
................##..####
#####.#.##########..#
....................#
#####.#@##########..####
......Sg# ##.....
####..... #####. #......
#..... #....... #.....
#........ #.....
#......... #.....
#.........# #.....
#.....


You could see a hobgoblin and a ball python.

Vanquished Creatures
  3 dart slugs (D:1)
  An endoplasm (D:1)
  3 goblins (D:1)
  2 hobgoblins (D:1)
  A kobold (D:1)
  2 bats (D:1)
  2 frilled lizards (D:1)
  A rat (D:1)
15 creatures vanquished.

Notes
Turn   | Place    | Note
-------+----------+-------------------------------------------
     0 | D:1      | ChiefBigBeans the Merfolk Venom Mage began the quest for
                  | the Orb.
     0 | D:1      | Reached XP level 1. HP: 13/13 MP: 3/3
   357 | D:1      | Reached XP level 2. HP: 20/20 MP: 3/5
  1070 | D:1      | Reached skill level 1 in Fighting
  1079 | D:1      | HP: 1/21 [constriction (1)]
  1079 | D:1      | Slain by a hobgoblin

Illustrated notes

Levels and vault maps discovered:
D:1:      nicolae_arrival_memento_mori, layout_basic

Skill      XL: |  1  2 |
---------------+-------+-----
Dodging        | 3 |  3.1
Fighting       | 1 |  1.0
Stealth        | |  2.6
Spellcasting   | |  2.2
Transmutations | |  1.3
Poison Magic   | |  3.5

Action                   || total
-------------------------++-------
Melee: Dagger            ||    44
       Spear             ||     2
       Punch             ||     1
 Cast: Sting             ||    11
Armor: Robe              ||    11
Dodge: Dodged            ||    30
